 Dungeon Crawl Stone Soup version 0.21.1-1-g345015f (webtiles) character file.

81 Fang the Skirmisher (level 4, -9/29 HPs)
             Began as a Gargoyle Berserker on May 22, 2018.
             Was a Believer of Trog.
             Mangled by a gnoll
             ... wielding a +0 halberd
              (11 damage)
             ... on level 2 of the Dungeon.
             The game lasted 00:02:22 (960 turns).

Fang the Skirmisher (Gargoyle Berserker)             Turns: 960, Time: 00:02:23

Health: -9/29      AC:  5    Str: 22    XL:     4   Next: 40%
Magic:  4/4        EV: 12    Int:  7    God:    Trog [**....]
Gold:   37         SH:  0    Dex:  9    Spells: 3/3 levels left

rFire    . . .     SeeInvis .   a - +1 hand axe
rCold    . . .     Gourm    .   (no shield)
rNeg     + . .     Faith    .   b - +0 animal skin
rPois    ∞         Spirit   .   (no helmet)
rElec    +         Reflect  .   (no cloak)
rCorr    .         Harm     .   (no gloves)
MR       .....                  (no boots)
Stlth    +.........             (no amulet)
HPRegen  0.09/turn              (no ring)
MPRegen  0.09/turn              (no ring)

@: berserk cooldown, slowed, very slow
A: negative energy resistance 1, electricity resistance, unbreathing,
petrification resistance, rot immunity, AC +3
a: Berserk, Trog's Hand, Burn Spellbooks, Renounce Religion


You were on level 2 of the Dungeon.
You worshipped Trog.
Trog was pleased with you.
You were hungry.

You visited 1 branch of the dungeon, and saw 2 of its levels.

You collected 37 gold pieces.

Inventory:

Hand Weapons
 a - a +1 hand axe (weapon)
Armour
 b - a +0 animal skin (worn)
Jewellery
 e - a cursed ring of teleportation {unknown}
Potions
 d - a potion of agility
 f - a potion of heal wounds {unknown}
 g - a potion of invisibility
 h - a potion of brilliance {unknown}
 k - a potion of flight {unknown}
Comestibles
 c - 3 rations


   Skills:
 + Level 4.1 Fighting
 + Level 3.7 Axes
 + Level 2.3 Armour
 + Level 2.1 Dodging


You had 3 spell levels left.
You didn't know any spells.

Dungeon Overview and Level Annotations

Branches:
Dungeon (2/15)

Altars:


Innate Abilities, Weirdness & Mutations

You are resistant to torment.
Your stone body is resilient. (AC +3)
You are immune to poison.
You resist negative energy. (rN+)
You are resistant to electric shocks. (rElec)
You can survive without breathing.
You are immune to petrification.
You are immune to rotting.


Message History

Trog accepts your kill.
You slash the gnoll!
You kill the gnoll!
Trog accepts your kill. The gnoll barely misses you.
You feel a strong urge to attack something.
The gnoll barely misses you.
You see here a spear.
Unknown command.
You barely miss the gnoll.
Unknown command.
You hit the gnoll.
The gnoll is moderately wounded.
You are no longer berserk.
You are exhausted.
You feel yourself slow down. The gnoll barely misses you.
You hit the gnoll but do no damage.
The gnoll is moderately wounded.
The gnoll hits you with a halberd!
You die...

*,,,,,,,,,,,,,,,,,,,,,,*,,*
***,,****######.....#,,*,,*
**,,..,,,......#.....,,,,,,*
,,,,...,,.......>...##,,**,*
,,,,*#.#*#.##..#.#...#,,**,*
,,,,##..##.#..?......#,,**,*
,..,#......#.#.......#,,**,*
....#......#.#..g....#,,**,*
....#......#.#))@....#,,**,*
..............(......#,,**,*
...........###.#[#.#.#,,**,*
...........#...........,,,,*
.........†.#.#.#........*,,*
........†..#...#...#....*,,*
.......)....##.#...####.*,,*
.########...##.#.#...,,,*,,*
,* #....#.......,,,,,,*


You could see a gnoll.

Vanquished Creatures
  3 gnolls (D:2)
  An adder (D:2)
  A worm (D:2)
  2 dart slugs (D:1)
  A leopard gecko (D:1)
  2 bats (D:2)
  3 giant cockroaches
  A goblin (D:1)
  2 hobgoblins
  10 jackals (D:1)
  A ball python (D:2)
  A frilled lizard (D:1)
  4 kobolds
  2 rats
34 creatures vanquished.

Notes
Turn   | Place    | Note
-------+----------+-------------------------------------------
     0 | D:1      | Fang the Gargoyle Berserker began the quest for the Orb.
     0 | D:1      | Reached XP level 1. HP: 14/14 MP: 1/1
    75 | D:1      | Reached XP level 2. HP: 17/19 MP: 2/2
   313 | D:1      | Reached XP level 3. HP: 16/24 MP: 3/3
   847 | D:2      | Reached skill level 4 in Fighting
   852 | D:2      | Reached ** piety under Trog
   949 | D:2      | Reached XP level 4. HP: 20/29 MP: 4/4
   953 | D:2      | HP: 1/43 [gnoll/spear (8)]
   960 | D:2      | Mangled by a gnoll

Skill      XL: |  1  2  3 |
---------------+----------+-----
Axes           | 3 |  3.7
Fighting       | 4 |  4.1
Dodging        | 2 |  2.1
Armour         | |  2.3

Action                   |  1- 3 |  4- 6 || total
-------------------------+-------+-------++-------
Melee: Hand axe          |   105 |     8 ||   113
Invok: Berserk           |     1 |       ||     1
  Use: Scroll            |     7 |       ||     7
Armor: Animal skin       |    43 |     2 ||    45
Dodge: Dodged            |    92 |    10 ||   102
